 Dungeon Crawl Stone Soup version 0.29-a0-885-gb26ba3297d (webtiles) character file.

Game seed: 6702695035298805356

53 jimonade the Sneak (level 4, 0/27 HPs)
             Began as a Kobold Brigand on July 21, 2022.
             Succumbed to an adder's poison
             ... on level 2 of the Dungeon.
             The game lasted 00:01:39 (1245 turns).

jimonade the Sneak (Kobold Brigand)                 Turns: 1245, Time: 00:01:39

Health: 0/27       AC:  4    Str:  4    XL:     4   Next: 11%
Magic:  4/4        EV: 14    Int: 12    God:
Gold:   47         SH:  0    Dex: 23    Spells: 3/3 levels left

rFire   . . .      SeeInvis .   a - +2 dagger
rCold   . . .      Faith    .   (no shield)
rNeg    . . .      Spirit   .   b - +0 robe
rPois   .          Reflect  .   l - +0 helmet "Woeluset" {Str-4 Dex+5}
rElec   .          Harm     .   c - +0 cloak
rCorr   .          Rampage  .   (no gloves)
Will    .....                   (no boots)
Stlth   +++++.....              (no amulet)
HPRegen 0.09/turn               (no ring)
MPRegen 0.09/turn               (no ring)

@: lethally poisoned (0 -> -5)
A: small, no large weapons, nightstalker 3
a: no special abilities


You were on level 2 of the Dungeon.
You visited 1 branch of the dungeon, and saw 2 of its levels.

You collected 47 gold pieces.

Inventory:

Hand Weapons
 a - a +2 dagger (weapon)
 h - a +0 spear
 i - a +1 whip of freezing
Missiles
 d - 9 poisoned darts (quivered)
 e - 3 curare-tipped darts
 j - 11 stones
Armour
 b - a +0 robe (worn)
 c - a +0 cloak (worn)
 g - a +0 ring mail
 l - the +0 helmet "Woeluset" (worn) {Str-4 Dex+5}
   (You found it on level 2 of the Dungeon)

   Str:       It affects your strength (-4).
   Dex:       It affects your dexterity (+5).
Jewellery
 m - a ring of protection from cold
Scrolls
 f - a scroll of enchant weapon {unknown}
 k - a scroll of amnesia {unknown}


   Skills:
 + Level 2.4 Fighting
 + Level 3.1 Short Blades
 - Level 2.1 Throwing
 + Level 1.3 Dodging
 * Level 7.0 Stealth


You had 3 spell levels left.
You didn't know any spells.
Your spell library was empty.

Dungeon Overview and Level Annotations

Branches:
Dungeon (2/15)

Altars:
Qazlal


Innate Abilities, Weirdness & Mutations

You are small and have problems with some larger weapons.
You are completely attuned to the shadows.


Message History

The adder is severely wounded.
You feel sick. The adder misses you.
You barely miss the adder.
The adder is severely wounded.
You feel sick. The adder bites you.
* * * LOW HITPOINT WARNING * * *
You hit the adder.
The adder is almost dead.
The adder bites you but does no damage. The adder barely misses you.
You hit the adder but do no damage.
The adder is almost dead.
You feel sick. The adder closely misses you.
You are too injured to fight recklessly!
Unknown command.
You aren't carrying any potions.
Unknown command.
You closely miss the adder.
The adder is almost dead.
You feel sick.
You are no longer poisoned.
The adder barely misses you.
You hit the adder.
You kill the adder!
You miss the adder. The adder bites you but does no damage.
You hit the adder.
The adder is severely wounded.
The adder misses you. The adder barely misses you.
You closely miss the adder.
The adder is severely wounded.
The adder bites you.
* * * LOW HITPOINT WARNING * * *
You are lethally poisoned!
The adder poisons you!
You hit the adder.
You kill the adder!
* * * LOW HITPOINT WARNING * * *
You feel sick.
Your Stealth skill increases to level 7!
You have reached level 4!
You die...

........# #........?.
........# #..._...#
#.......# #.......#
.....#.####......##
######....#.##..##
####.#.###.# .....#.#
#.## #....#.# #..#
#....#.# ##@#
#....#.####.#
#.........#..#
#.#..#.##.##.#
#....#.##.# ..
.....#.##.# #..
###########.##.#
............##.#######
##############.......#


There were no monsters in sight!

Vanquished Creatures
  3 adders (D:2)
  4 bats
  3 endoplasms (D:1)
  3 goblins
  6 hobgoblins
  2 kobolds
  2 ball pythons (D:1)
  3 rats (D:1)
26 creatures vanquished.

Notes
Turn   | Place    | Note
-------+----------+-------------------------------------------
     0 | D:1      | jimonade the Kobold Brigand began the quest for the Orb.
     0 | D:1      | Reached XP level 1. HP: 12/12 MP: 1/1
   396 | D:1      | Reached XP level 2. HP: 17/17 MP: 2/2
   572 | D:1      | Reached skill level 6 in Stealth
   903 | D:1      | You fall into a shaft and drop 1 floor!
   939 | D:2      | Identified the +0 helmet "Woeluset" {Str-4 Dex+5}
   942 | D:2      | Reached XP level 3. HP: 22/22 MP: 3/3
  1213 | D:2      | Found a stormy altar of Qazlal.
  1244 | D:2      | HP: 1/22 [poisoned by an adder]
  1245 | D:2      | Reached skill level 7 in Stealth
  1245 | D:2      | Reached XP level 4. HP: 1/27 MP: 4/4
  1245 | D:2      | Succumbed to an adder's poison

Illustrated notes

Levels and vault maps discovered:
D:1:      eino_arrival_cavern_e, layout_loops_corners
D:2:      layout_basic, basic_altar

Skill      XL: |  1  2  3 |
---------------+----------+-----
Stealth        | 6 7 |  7.0
Short Blades   | 3 |  3.1
Fighting       | |  2.4
Throwing       | |  2.1
Dodging        | |  1.3

Action                   |  1- 3 |  4- 6 || total
-------------------------+-------+-------++-------
Melee: Dagger            |    63 |       ||    63
 Stab: Sleeping          |    12 |       ||    12
       Distracted        |     2 |       ||     2
Armor: Robe              |     6 |       ||     6
Dodge: Dodged            |    37 |       ||    37

Table legend: (Time is in decaauts)
 A = Elapsed time spent in this place.
 B = Non-inter-level travel time spent in this place.
 C = Inter-level travel time spent in this place.
 D = Time resting spent in this place.
 E = Time spent auto-exploring this place.
 F = Levels seen in this place.
 G = Mean time per level.
                   A        B        C        D        E       F      G
               +--------+--------+--------+--------+--------+-----+--------+
         Total |   1236 |   1236 |      0 |      0 |   1052 |   2 |  618.0 |
       Dungeon |   1236 |   1236 |      0 |      0 |   1052 |   2 |  618.0 |
               +--------+--------+--------+--------+--------+-----+--------+

Top non-repeatable levels by time:
     D:1: 897 daAuts
     D:2: 338 daAuts
